 Dungeon Crawl Stone Soup version 0.29-a0-330-g52719c12eb (webtiles) character file.

Game seed: 16443633396114610126

18 Maratek the Blocker (level 2, -2/20 HPs)
             Began as a Gnoll Wanderer on May 31, 2022.
             Frozen to death by an endoplasm (5 damage)
             ... on level 1 of the Dungeon.
             The game lasted 00:02:16 (830 turns).

Maratek the Blocker (Gnoll Wanderer)                 Turns: 830, Time: 00:02:17

Health: -2/20      AC:  6    Str: 12    XL:     2   Next: 70%
Magic:  5/5        EV: 10    Int:  7    God:
Gold:   41         SH:  8    Dex: 14    Spells: 5/6 levels left

rFire   . . .      SeeInvis .   a - +0 dagger
rCold   . . .      Faith    .   d - +2 buckler
rNeg    . . .      Spirit   .   b - +0 ring mail
rPois   .          Reflect  .   (no helmet)
rElec   .          Harm     .   (no cloak)
rCorr   .          Rampage  .   (no gloves)
Will    .....                   (no boots)
Stlth   +.........              (no amulet)
HPRegen 0.06/turn               (no ring)
MPRegen 0.09/turn               (no ring)

@: no status effects
A: fangs 1, strong nose, distributed training
a: no special abilities


You were on level 1 of the Dungeon.
You visited 1 branch of the dungeon, and saw 1 of its levels.

You collected 41 gold pieces.

Inventory:

Hand Weapons
 a - a +0 dagger (weapon)
Armour
 b - a +0 ring mail (worn)
 d - a +2 buckler (worn)
Potions
 c - a potion of invisibility


   Skills:
 + Level 0.5 Fighting
 + Level 0.5 Short Blades
 + Level 0.5 Long Blades
 + Level 0.5 Axes
 + Level 0.5 Maces & Flails
 + Level 0.5 Polearms
 + Level 0.5 Staves
 + Level 0.5 Slings
 + Level 0.5 Bows
 + Level 0.5 Crossbows
 + Level 0.5 Throwing
 + Level 6.5 Armour
 + Level 0.5 Dodging
 + Level 0.5 Stealth
 + Level 8.5 Shields
 + Level 0.5 Unarmed Combat
 + Level 2.7 Spellcasting
 + Level 0.3 Conjurations
 + Level 0.3 Hexes
 + Level 0.3 Summonings
 + Level 0.3 Necromancy
 + Level 0.3 Translocations
 + Level 0.3 Transmutations
 + Level 0.3 Fire Magic
 + Level 0.3 Ice Magic
 + Level 2.0 Air Magic
 + Level 0.3 Earth Magic
 + Level 0.3 Poison Magic
 + Level 0.6 Invocations
 + Level 2.5 Evocations


You had 5 spell levels left.
You knew the following spells:

 Your Spells              Type           Power      Damage    Failure   Level
a - Shock                 Conj/Air       8%         1d3       50%         1

Your spell library contained the following spells:

 Spells                   Type           Power      Damage    Failure   Level
 Mephitic Cloud           Conj/Pois/Air  2%         N/A       88%         3


Dungeon Overview and Level Annotations

Branches:
Dungeon (1/15)

Altars:


Innate Abilities, Weirdness & Mutations

You have very sharp teeth.
Your uncanny sense of smell can sniff out nearby items.
Your experience applies equally to all skills.


Message History

The endoplasm hits you. The bat hits you but does no damage.
The endoplasm attacks as you move away!
The endoplasm hits you but does no damage.
Found a leather armour.
You block the bat's attack. The bat completely misses you.
You block the bat's attack. The bat attacks as you move away!
The bat hits you but does no damage. You block the bat's attack.
You barely miss the bat. You block the bat's attack.
The bat closely misses you. You block the bat's attack.
You block the endoplasm's attack. The bat hits you but does no damage.
You miss the bat. Your bite misses the bat. You block the bat's attack.
The endoplasm hits you.
* * * LOW HITPOINT WARNING * * *
The ball python closely misses you. The ball python grabs you.
The ball python constricts you.
The ball python's grasp on you weakens, but your attempt to escape fails.
The bat hits you but does no damage.
The endoplasm jiggles.
You block the endoplasm's attack.
The ball python bites you but does no damage.
The ball python constricts you.
You escape the ball python's grasp.
The bat closely misses you. You block the ball python's attack.
The ball python closely misses you. You block the bat's attack.
You hit the bat but do no damage. The bat hits you but does no damage.
You block the bat's attack. The endoplasm barely misses you.
The ball python barely misses you. The ball python grabs you.
The ball python constricts you.
You escape the ball python's grasp.
The ball python attacks as you move away!
The ball python bites you.
* * * LOW HITPOINT WARNING * * *
You block the ball python's attack.
Found two leather armours and 15 gold pieces.
The bat hits you but does no damage.
You hit the bat but do no damage. The bat misses you.
The endoplasm freezes you.
You are frozen.
You die...

##...#........###
........#........
#.####..#.....###
..#####.......#
.........)....#
.....#######..##
#.##..≈≈8≈≈....# # [
#.###..≈≈≈.....###.#....
#.# #........SJ@.b.....
#.# ##.#...###..#......
#.# #..... ##..#.####
... #....# ##.# .#
#..##. .# [. #.# #[ .#
#. .. .. $. . ..


You could see an endoplasm, a bat and a ball python.

Vanquished Creatures
  A dart slug (D:1)
  4 endoplasms (D:1)
  A goblin (D:1)
  3 kobolds (D:1)
  3 bats (D:1)
  4 rats (D:1)
16 creatures vanquished.

Vanquished Creatures (others)
  3 plants (D:1)
3 creatures vanquished.

Grand Total: 19 creatures vanquished

Notes
Turn   | Place    | Note
-------+----------+-------------------------------------------
     0 | D:1      | Maratek the Gnoll Wanderer began the quest for the Orb.
     0 | D:1      | Maratek set off with the following items: a +0 dagger, a +0
                  | ring mail, a potion of invisibility, a +2 buckler; and the
                  | following spell memorised: Shock; and the following spells
                  | available to memorise: Mephitic Cloud
     0 | D:1      | Reached XP level 1. HP: 13/13 MP: 4/4
   172 | D:1      | Reached XP level 2. HP: 17/19 MP: 0/5
   830 | D:1      | Frozen to death by an endoplasm

Illustrated notes

Levels and vault maps discovered:
D:1:      scummos_arrival_forest, layout_rooms,
          shapermc_ecumenical_altar_mp_urbaneastern, nrook_mini_vaults,
          corexii_corridor_pit, moated_statue

Skill      XL: |  1 |
---------------+----+-----
Air Magic      | 2 |  2.0
Fighting       | |  0.5
Short Blades   | |  0.5
Long Blades    | |  0.5
Axes           | |  0.5
Maces & Flails | |  0.5
Polearms       | |  0.5
Staves         | |  0.5
Slings         | |  0.5
Bows           | |  0.5
Crossbows      | |  0.5
Throwing       | |  0.5
Armour         | |  6.5
Dodging        | |  0.5
Stealth        | |  0.5
Shields        | |  8.5
Unarmed Combat | |  0.5
Spellcasting   | |  2.7
Conjurations   | |  0.3
Hexes          | |  0.3
Summonings     | |  0.3
Necromancy     | |  0.3
Translocations | |  0.3
Transmutations | |  0.3
Fire Magic     | |  0.3
Ice Magic      | |  0.3
Earth Magic    | |  0.3
Poison Magic   | |  0.3
Invocations    | |  0.6
Evocations     | |  2.5

Action                   || total
-------------------------++-------
Melee: Dagger            ||    80
       Bite              ||    12
 Cast: Shock             ||     8
  Use: Potion            ||     1
Armor: Ring mail         ||    55
Dodge: Dodged            ||    74
Block: Buckler           ||    69

Table legend: (Time is in decaauts)
 A = Elapsed time spent in this place.
 B = Non-inter-level travel time spent in this place.
 C = Inter-level travel time spent in this place.
 D = Time resting spent in this place.
 E = Time spent auto-exploring this place.
 F = Levels seen in this place.
 G = Mean time per level.
                   A        B        C        D        E       F      G
               +--------+--------+--------+--------+--------+-----+--------+
         Total |    832 |    832 |      0 |      0 |    635 |   1 |  832.0 |
       Dungeon |    832 |    832 |      0 |      0 |    635 |   1 |  832.0 |
               +--------+--------+--------+--------+--------+-----+--------+

Top non-repeatable levels by time:
     D:1: 832 daAuts
